 Dungeon Crawl Stone Soup version 0.29.1-15-g9cfb28693d (webtiles) character file.

Game seed: 10874326740611494624

10039 devnull the Impaler (level 11, -1/81 HPs)
             Began as a Merfolk Gladiator on Mar 26, 2023.
             Was a Believer of Zin.
             Slain by an ogre
             ... wielding a +0 giant spiked club
             ... led by Lodul
              (17 damage)
             ... on level 11 of the Dungeon on Mar 27, 2023.
             The game lasted 00:48:49 (21139 turns).

devnull the Impaler (Merfolk Gladiator)            Turns: 21139, Time: 00:48:50

Health: -1/81      AC:  7    Str: 20    XL:     11   Next: 55%
Magic:  18/18      EV: 17    Int:  7    God:    Zin [**....]
Gold:   390        SH:  0    Dex: 15    Spells: 10/10 levels left

rFire   + . .      SeeInvis .   a - +0 halberd
rCold   + . .      Faith    .   (shield currently unavailable)
rNeg    . . .      Spirit   .   x - +0 steam dragon scales
rPois   .          Reflect  .   c - +0 helmet
rElec   .          Harm     .   s - scarf {rC+ rF+}
rCorr   .          Rampage  .   (no gloves)
Will    .....                   y - +0 pair of boots
Stlth   +.........              (no amulet)
HPRegen 0.23/turn               (no ring)
MPRegen 0.16/turn               (no ring)

@: invisible
A: (nimble swimmer 2), mertail
a: Renounce Religion, Recite, Vitalisation, Donate Gold


You were on level 11 of the Dungeon.
You worshipped Zin.
Zin was pleased with you.
You visited 2 branches of the dungeon, and saw 12 of its levels.
You also visited: Sewer.

You collected 553 gold pieces.
You spent 108 gold pieces at shops.
You donated 55 gold pieces to Zin.

Inventory:

Hand Weapons
 a - a +0 halberd (weapon)
 b - a +3 trident of protection
Missiles
 e - 8 javelins
 f - 5 throwing nets
 i - 37 poisoned darts (quivered)
 B - a curare-tipped dart
 C - 6 atropa-tipped darts
Armour
 c - a +0 helmet (worn)
 s - a scarf of resistance (worn)
 x - +0 steam dragon scales (worn)
 y - a +0 pair of boots (worn)
 E - a +0 kite shield
Jewellery
 q - a ring of ice
Wands
 t - a wand of charming (8)
 w - a wand of flame (21)
 I - a wand of iceblast (3)
Scrolls
 g - 2 scrolls of butterflies
 h - 3 scrolls of enchant weapon
 m - 4 scrolls of enchant armour
 r - 3 scrolls of blinking
 u - a scroll of vulnerability
 v - 4 scrolls of magic mapping
 z - 3 scrolls of teleportation
 D - a scroll of summoning
 F - 3 scrolls of immolation
 H - a scroll of poison
Potions
 d - a potion of curing
 j - 3 potions of might
 k - 2 potions of flight
 l - 4 potions of brilliance
 n - 2 potions of resistance
 o - a potion of ambrosia
 p - 2 potions of mutation


   Skills:
 - Level 6.0 Fighting
 - Level 16.0 Polearms
 + Level 4.3 Throwing
 - Level 10.0 Dodging
 - Level 10.0 Invocations


You had 10 spell levels left.
You didn't know any spells.
Your spell library contained the following spells:

 Spells                   Type           Power      Damage    Failure   Level
 Apportation              Tloc           0%         N/A       43%         1
 Foxfire                  Conj/Fire      0%         2x1d4     43%         1
 Freeze                   Ice            0%         1d3       43%         1
 Sandblast                Erth           0%         2d4       43%         1
 Ensorcelled Hibernation  Hex/Ice        0%         N/A       56%         2
 Passwall                 Tmut/Erth      0%         N/A       56%         2
 Scorch                   Fire           0%         2d5       56%         2
 Conjure Flame            Conj/Fire      0%         6-21      80%         3
 Dazzling Flash           Conj/Hex       0%         N/A       80%         3
 Frozen Ramparts          Ice            0%         1d1       80%         3
 Ignite Poison            Fire/Tmut/Pois 0%         N/A       80%         3
 Inner Flame              Hex/Fire       0%         N/A       80%         3
 Mephitic Cloud           Conj/Pois/Air  0%         N/A       80%         3
 Stone Arrow              Conj/Erth      0%         3d7       80%         3
 Summon Guardian Golem    Hex/Summ       0%         N/A       80%         3
 Swiftness                Air            0%         N/A       80%         3
 Flame Wave               Conj/Fire      0%         2d4       99%         4
 Hailstorm                Conj/Ice       0%         3d3       99%         4
 Passage of Golubria      Tloc           0%         N/A       99%         4
 Agony                    Necr           0%         N/A       100%        5
 Alistair's Intoxication  Tmut/Pois      0%         N/A       100%        5
 Freezing Cloud           Conj/Ice/Air   0%         6-21      100%        5
 Silence                  Hex/Air        0%         N/A       100%        5
 Summon Cactus Giant      Summ           0%         N/A       100%        6
 Orb of Destruction       Conj           0%         9d5       100%        7
 Spellforged Servitor     Conj/Summ      0%         N/A       100%        7
 Lehudib's Crystal Spear  Conj/Erth      0%         10d2      100%        8


Dungeon Overview and Level Annotations

Branches:
Dungeon (11/15)            Temple (1/1) D:5            Lair (0/5) D:10
    Orc (0/2) D:10          Sewer (visited)

Altars:
Ashenzari
Cheibriados
Dithmenos
Elyvilon
Fedhas
Gozag
Hepliaklqana
Kikubaaqudgha
Makhleb
Nemelex Xobeh
Okawaru
Qazlal
Ru
Sif Muna
Trog
Uskayaw
Vehumet
Wu Jian
Xom
Yredelemnul
Zin
The Shining One

Shops:
D:6 =   D:8 ?

Annotations:
D:11 Lodul


Innate Abilities, Weirdness & Mutations

((You are very nimble when in or above water. (Stealth+, EV+, Speed+++)))
Your lower body shifts to a powerful aquatic tail in water.


Message History

An ogre comes into view. It is wielding a +0 giant club.
The ogre shouts!
You hear a shout! x2
An ogre comes into view. It is wielding a +0 giant club.
The ogre shouts!
You hear a shout!
Lodul the Thundrous comes into view.
He is wielding a +0 dire flail. 3 ogres come into view.
The ogre moves out of view.
An ogre comes into view. It is wielding a +0 giant club.
The ogre shouts!
Electricity crackles from Lodul's apparatus.
The bolt of lightning hits you!! The ogre closely misses you.
An ogre comes into view. It is wielding a +0 giant club.
An ogre comes into view. It is wielding a +0 giant club.
The ogre misses you. The ogre attacks as you move away! The ogre misses you.
The ogre attacks as you move away! The ogre misses you.
Electricity crackles from Lodul's apparatus.
The bolt of lightning hits you!! The ogre attacks as you move away!
The ogre barely misses you.
Electricity crackles from Lodul's apparatus.
The bolt of lightning hits you!!
* * * LOW HITPOINT WARNING * * *
Okay, then.
Unknown command.
Press: ? - help, v - describe, . - travel
Here: Lodul, wielding a +0 dire flail The floor.
Unknown command.
Okay, then.
Unknown command.
Okay, then.
Press: ? - help, v - describe, . - travel
Here: Lodul, wielding a +0 dire flail The floor.
Unknown command.
You fade into invisibility!
There is a stone staircase leading up here.
You barely miss the ogre.
The ogre hits you with a +0 giant spiked club!
You die...

##.........##...#####..#
..^.........#..O.....#.~
.#....#.....#........#..
#####......#..........~
#####......#...)......
.#..........#...##.....
............#...##.....
#....##.#+###O.........
#......@OOO.OOO.......
#..........OO.#.......
............O.#.......
#.............#..O....
#.............#.......
#####.........#.......
#.........# ....
...........


You could see Lodul (unable to see you), a two-headed ogre (unable to see you)
and 8 ogres.

Vanquished Creatures
  2 two-headed ogres (D:10)
  Erica (D:9)
  Joseph (D:8)
  A komodo dragon (D:10)
  A troll (D:10)
  A hornet (D:10)
  Grinder (D:3)
  10 yaks
  2 wyverns
  Grum (D:9)
  A steam dragon (D:6)
  An acid dragon (D:8)
  2 water moccasins (D:6)
  4 orc warriors
  A sky beast (D:6)
  Pargi (Sewer)
  4 ice beasts
  A black bear (D:7)
  4 wolves (D:9)
  An ogre (D:5)
  A centaur (D:9)
  3 phantoms
  4 kobold brigands
  4 gnoll sergeants
  A bullfrog (D:8)
  A necrophage (D:6)
  3 scorpions
  7 killer bees
  2 jellies
  11 orc priests
  7 gnoll boudas
  4 hounds
  Ijyb (D:3)
  Natasha (thrice) (D:3)
  6 iguanas
  11 orc wizards
  42 gnolls
  5 river rats (D:5)
  14 adders
  5 worms
  29 orcs
  4 bats
  4 endoplasms
  2 giant cockroaches
  4 goblins
  7 hobgoblins
  15 jackals
  47 kobolds
  3 quokkas
  6 ball pythons
  6 frilled lizards
  4 rats
307 creatures vanquished.

Vanquished Creatures (others)
  2 kobolds
  61 plants
63 creatures vanquished.

Grand Total: 370 creatures vanquished

Notes
Turn   | Place    | Note
-------+----------+-------------------------------------------
     0 | D:1      | devnull the Merfolk Gladiator began the quest for the Orb.
     0 | D:1      | Reached XP level 1. HP: 16/16 MP: 1/1
   222 | D:1      | You fall into a shaft and drop 1 floor!
   249 | D:2      | Reached skill level 5 in Polearms
   249 | D:2      | Reached XP level 2. HP: 10/22 MP: 2/2
   676 | D:2      | Reached XP level 3. HP: 27/27 MP: 3/3
  1538 | D:1      | Found a faded altar of an unknown god.
  1793 | D:2      | Reached skill level 6 in Polearms
  2435 | D:2      | Reached XP level 4. HP: 33/33 MP: 4/4
  3339 | D:3      | Noticed Natasha
  3360 | D:3      | Killed Natasha
  3361 | D:3      | Reached skill level 7 in Polearms
  3441 | D:3      | Noticed Natasha
  3608 | D:3      | Killed Natasha
  3609 | D:3      | Reached XP level 5. HP: 8/38 MP: 5/5
  4075 | D:3      | Noticed Grinder
  4129 | D:3      | Killed Grinder
  4130 | D:3      | Reached skill level 9 in Polearms
  4130 | D:3      | Reached XP level 6. HP: 3/44 MP: 6/6
  4584 | D:3      | Noticed Natasha
  4594 | D:3      | Killed Natasha
  4843 | D:3      | Noticed Ijyb
  4888 | D:3      | Killed Ijyb
  5308 | D:4      | Reached skill level 10 in Polearms
  5529 | D:4      | Reached XP level 7. HP: 26/50 MP: 7/7
  5726 | D:4      | Reached skill level 5 in Dodging
  6125 | D:5      | Entered Level 5 of the Dungeon
  6398 | D:5      | Found a staircase to the Ecumenical Temple.
  6542 | D:5      | Reached XP level 8. HP: 40/56 MP: 8/8
  6549 | D:5      | Found a glowing drain.
  6556 | Sewer    | Entered a sewer
  6742 | Sewer    | Noticed Pargi
  6766 | Sewer    | Killed Pargi
  7545 | D:5      | Reached skill level 10 in Dodging
  8175 | Temple   | Entered the Ecumenical Temple
  8528 | Temple   | Became a worshipper of Zin the Law-Giver
  8528 | Temple   | Reached * piety under Zin
  8591 | D:6      | Found Salodu's Jewellery Emporium.
  8856 | D:6      | Reached skill level 5 in Fighting
  9256 | D:6      | Reached skill level 1 in Invocations
  9256 | D:6      | Reached XP level 9. HP: 48/68 MP: 9/9
  9491 | D:6      | Reached ** piety under Zin
  9964 | D:7      | Reached skill level 5 in Invocations
 10712 | D:7      | Found a shimmering blue altar of Sif Muna.
 12530 | D:8      | Noticed Joseph
 12548 | D:8      | Killed Joseph
 12549 | D:8      | Reached XP level 10. HP: 31/76 MP: 14/17
 12781 | D:8      | Found a sparkling altar of Nemelex Xobeh.
 13340 | D:8      | Reached skill level 10 in Invocations
 13389 | D:8      | Reached skill level 11 in Polearms
 13926 | D:8      | Found Igelezuc's Magic Scroll Shoppe.
 13934 | D:8      | Bought a scroll of teleportation for 36 gold pieces
 14270 | D:8      | Reached skill level 12 in Polearms
 14690 | D:8      | Bought a scroll of identify for 24 gold pieces
 14690 | D:8      | Bought a scroll of identify for 24 gold pieces
 14690 | D:8      | Bought a scroll of identify for 24 gold pieces
 14702 | D:9      | Noticed Erica
 14713 | D:9      | Killed Erica
 14927 | D:9      | Reached skill level 13 in Polearms
 15239 | D:9      | Identified the +7 shortbow "Jirchewest" {speed, Dex+3}
 15996 | D:9      | Noticed Grum
 16019 | D:9      | Killed Grum
 16850 | D:9      | Reached skill level 14 in Polearms
 16850 | D:9      | Reached XP level 11. HP: 80/81 MP: 18/18
 17386 | D:9      | Reached skill level 15 in Polearms
 17991 | D:10     | Entered Level 10 of the Dungeon
 18155 | D:10     | Noticed a two-headed ogre
 19158 | D:10     | Found a staircase to the Lair.
 19189 | D:10     | Found a staircase to the Orcish Mines.
 19368 | D:10     | Noticed a two-headed ogre
 19389 | D:10     | Killed a two-headed ogre
 19390 | D:10     | Reached skill level 16 in Polearms
 19939 | D:10     | Killed a two-headed ogre
 19944 | D:10     | HP: 3/81 [orc warrior/+0 glaive (15)]
 20543 | D:10     | Found a staircase to the Orcish Mines.
 20864 | D:10     | Found a staircase to the Lair.
 21119 | D:11     | Noticed a two-headed ogre
 21127 | D:11     | Noticed Lodul
 21139 | D:11     | Slain by an ogre

Illustrated notes

Levels and vault maps discovered:
D:1:      dpeg_arrival_renting, layout_loops_ring,
          shapermc_ecumenical_altar_flowoftime
D:2:      layout_loops_corners, chequers_serial_rivers_small_b,
          minmay_tetromino_l4
D:3:      layout_loops_ring, kennysheep_big_empty_room, uniq_grinder, uniq_ijyb,
          uniq_natasha
D:4:      layout_loops_ring
D:5:      kennysheep_kobold_camp, layout_loops_corners,
          minmay_temple_entry_statues_fountains, lightli_sewer_entry_pipes,
          roderic_roman_lattice, minmay_large_rounded_square,
          minmay_crystal_room
D:6:      layout_basic, serial_shops, shop
D:7:      layout_cave_pods, mainiacjoe_overflow_alcove_1
D:8:      wander_river, layout_basic, lemuel_round_altar, serial_shops, shop,
          minmay_misc_feat_square, minmay_misc_feat_ornament, uniq_joseph
D:9:      layout_cave_pools, serial_gnoll_camp, gnoll_camp_mini_hut,
          gnoll_camp_mini_doghouse, gnoll_camp_medium_02, gnoll_camp_huts_basic,
          uniq_erica, uniq_grum
D:10:     layout_cave_pods, david_lair_shrubbed, david_orc_2
D:11:     layout_basic, gammafunk_ghost_necromancy, uniq_lodul
Temple:   mainiacjoe_temple_cubbyholes

Skill      XL: |  1  2  3  4  5  6  7  8  9 10 11 |
---------------+----------------------------------+-----
Polearms       | 5 6 7 9 10 14 16 | 16.0
Dodging        | 7 10 | 10.0
Fighting       | 6 |  6.0
Invocations    | 1 9 10 | 10.0
Throwing       | 4 |  4.3

Action                   |  1- 3 |  4- 6 |  7- 9 | 10-12 || total
-------------------------+-------+-------+-------+-------++-------
Melee: Trident           |   111 |   176 |   465 |       ||   752
       Punch             |     1 |     2 |     4 |       ||     7
       Unarmed           |       |     5 |       |       ||     5
       Tailslap          |       |       |     5 |       ||     5
       Halberd           |       |       |   155 |   537 ||   692
Throw: Throwing net      |     1 |     2 |     2 |     3 ||     8
       Dart              |       |       |    23 |   103 ||   126
       Javelin           |       |       |     3 |       ||     3
Invok: Vitalisation      |       |       |     2 |     4 ||     6
       Recite            |       |       |     1 |     3 ||     4
  Use: Potion            |     1 |       |     3 |     2 ||     6
       Scroll            |     5 |     3 |     7 |     7 ||    22
 Stab: Sleeping          |     3 |     2 |     6 |     2 ||    13
       Held in net/web   |     1 |       |     1 |     1 ||     3
       Distracted        |       |     1 |       |     1 ||     2
       Invisible         |       |       |       |     2 ||     2
Armor: Leather armour    |    19 |    15 |    51 |       ||    85
       Skin              |     3 |     4 |       |       ||     7
       Steam dragon scal |       |       |    34 |    69 ||   103
Dodge: Dodged            |    57 |    59 |   405 |   325 ||   846
